 Dungeon Crawl Stone Soup version 0.24.0-10-g970556be89 (webtiles) character file.

Game seed: 4700695902780520689, levelgen mode: classic

30204 EnegeticOcto the Fighter (level 13, -3/111 HPs)
             Began as a Mummy Chaos Knight on Nov 4, 2019.
             Was a Plaything of Xom.
             Slain by a large abomination (19 damage)
             ... in a Gauntlet.
             The game lasted 00:32:29 (25176 turns).

EnegeticOcto the Fighter (Mummy Chaos Knight)      Turns: 25176, Time: 00:32:29

Health: -3/111     AC: 24    Str: 14 (16) XL:     13   Next: 19%
Magic:  22/22      EV: 21    Int: 12 (16) God:    Xom [....*.]
Gold:   953        SH:  0    Dex: 10 (11) Spells: 10/12 levels left

rFire    . . .     SeeInvis .   y - +2 great mace (drain)
rCold    + + .     Gourm    .   (shield currently unavailable)
rNeg     + + +     Faith    .   K - +3 plate armour {rF+}
rPois    ∞         Spirit   .   J - +0 helmet
rElec    +         Reflect  .   r - +2 cloak
rCorr    .         Harm     .   s - +2 pair of gloves {archery}
MR       +++..     NoTele   +   (no boots)
Stlth    ..........             D - amulet "Xagges" {Acrobat rElec MR++}
HPRegen  0.28/turn              E - ring of magical power
MPRegen  0.18/turn              b - ring of protection from cold

@: acrobat
A: no food or potions, fire vulnerability, cold resistance 1, negative energy
resistance 3, torment resistance, unbreathing, in touch with death 1
a: Renounce Religion


You were in a Gauntlet.
You worshipped Xom.
You were a beloved toy of Xom.
You were not hungry.

You visited 2 branches of the dungeon, and saw 18 of its levels.
You also visited: Gauntlet and Volcano.

You collected 1283 gold pieces.
You spent 330 gold pieces at shops.

Inventory:

Hand Weapons
 j - a +3 dagger of venom
 l - a +2 whip of flaming
 q - the cursed +1 hunting sling "Usuh" {freeze, *Contam +Blink rC- Stlth+}
   (You found it in a volcano)

   It causes projectiles fired from it to freeze those they strike, causing
   extra injury to most foes and up to half again as much damage against
   particularly susceptible opponents.
   They can also slow down cold-blooded creatures.
   It makes you vulnerable to cold.
   It lets you blink.
   It causes magical contamination when unequipped.
   It makes you more stealthy.
   It has a curse placed upon it.
 t - a +5 short sword of chaos
 y - a +2 great mace of draining (weapon)
 H - a +2 dagger of distortion
Missiles
 z - 2 throwing nets (quivered) {!f}
 I - 7 curare-tipped darts
Armour
 e - a +0 pair of gloves
 r - a +2 cloak (worn)
 s - a +2 pair of gloves of archery (worn)
 J - a +0 helmet (worn)
 K - a +3 plate armour of fire resistance (worn)
Jewellery
 b - a ring of protection from cold (right hand)
 f - an uncursed ring of resist corrosion
 u - an uncursed ring of stealth
 C - an uncursed amulet of regeneration
 D - the amulet "Xagges" (around neck) {Acrobat rElec MR++}
   (Xom gifted it to you on level 10 of the Dungeon)

   [amulet of the acrobat]

   It helps you evade while moving and waiting.
   It insulates you from electricity.
   It affects your resistance to hostile enchantments.
 E - a ring of magical power (left hand)
Wands
 w - a wand of polymorph (17)
 x - a wand of random effects (6)
 A - a wand of digging (2)
 G - a wand of flame (26)
Scrolls
 a - a scroll of brand weapon
 c - 5 scrolls of remove curse {@r2}
 d - 2 scrolls of identify {@r1}
 g - 4 scrolls of teleportation {@r3 !r}
 h - 3 scrolls of enchant weapon
 i - 2 scrolls of fear {!r}
 k - 2 scrolls of enchant armour
 m - 4 scrolls of amnesia
 n - 2 scrolls of immolation
 o - 4 scrolls of magic mapping {@r5 !r}
 v - 2 scrolls of fog {!r}
Miscellaneous
 p - a sack of spiders


   Skills:
 - Level 13.3 Fighting
 - Level 2.4 Short Blades
 + Level 11.9 Maces & Flails
 + Level 7.8 Armour
 - Level 6.0 Dodging


You had 10 spell levels left.
You knew the following spells:

 Your Spells              Type           Power        Failure   Level  Hunger
Y - Blink                 Tloc           N/A          100%        2    N/A

Your spell library contained the following spells:

 Spells                   Type           Power        Failure   Level  Hunger
 Corona                   Hex            #......      100%        1    N/A
 Magic Dart               Conj           #...         100%        1    N/A
 Sandblast                Erth           #.....       100%        1    N/A
 Sting                    Conj/Pois      #...         100%        1    N/A
 Call Imp                 Summ           #.......     100%        2    N/A
 Ensorcelled Hibernation  Hex/Ice        #.....       100%        2    N/A
 Passwall                 Tmut/Erth      #.......     100%        2    N/A
 Poisonous Vapours        Pois/Air       #.....       100%        2    N/A
 Slow                     Hex            #.......     100%        2    N/A
 Conjure Flame            Conj/Fire      #.......     100%        3    N/A
 Inner Flame              Hex/Fire       #.......     100%        3    N/A
 Mephitic Cloud           Conj/Pois/Air  #.......     100%        3    N/A
 Portal Projectile        Hex/Tloc       #.....       100%        3    N/A
 Stone Arrow              Conj/Erth      #.....       100%        3    N/A
 Cause Fear               Hex            #.........   100%        4    N/A
 Leda's Liquefaction      Hex/Erth       #.........   100%        4    N/A
 Olgreb's Toxic Radiance  Pois           #.......     100%        4    N/A
 Petrify                  Tmut/Erth      #.......     100%        4    N/A
 Borgnjor's Vile Clutch   Necr/Erth      #.........   100%        5    N/A
 Lee's Rapid Deconstruct  Erth           #.........   100%        5    N/A
 Silence                  Hex/Air        #.........   100%        5    N/A
 Venom Bolt               Conj/Pois      #.........   100%        5    N/A
 Darkness                 Hex            #.........   100%        6    N/A
 Shadow Creatures         Summ           N/A          100%        6    N/A

Dungeon Overview and Level Annotations

Branches:
Dungeon (12/15)            Temple (0/1) D:6            Lair (6/6) D:10
  Swamp (0/4) Lair:4        Snake (0/4) Lair:2          Orc (0/2) D:12
Volcano (visited)         Gauntlet (1/1)
  Slime: Lair:5-6

Altars:
Ashenzari
Gozag
Kikubaaqudgha
Makhleb
Ru
Sif Muna
Vehumet
Wu Jian
Xom
Zin

Shops:
D:6 (   D:7 !   D:8 (**![

Annotations:
Abyss:1 Erolcha Gauntlet 13 runed translucent doors, 9 transporters


Innate Abilities, Weirdness & Mutations

You do not eat or drink.
Your flesh is vulnerable to fire.
You are immune to poison.
Your flesh is cold resistant. (rC+)
You are immune to negative energy. (rN+++)
You are immune to unholy pain and torment.
You can survive without breathing.
You are in touch with the powers of death.


Message History

The centaur hits you.
The centaur hits you but does no damage.
The black bear bites you but does no damage.
The black bear claws you but does no damage.
The black bear barely misses you.
You sock the black bear! You drain the black bear.
The black bear is heavily wounded.
The centaur hits you but does no damage.
The black bear barely misses you.
The black bear claws you but does no damage. x2
You hit the black bear.
The black bear is severely wounded.
The centaur hits you but does no damage. x2
The black bear bites you but does no damage.
The black bear claws you but does no damage.
The black bear barely misses you.
You bludgeon the black bear!!
You kill the black bear!
You feel your strength returning.
The centaur hits you but does no damage. x2
You hit the centaur.
The centaur is moderately wounded.
The centaur hits you but does no damage.
You closely miss the centaur.
The centaur is moderately wounded.
The centaur hits you but does no damage. x2
The wolf howls!
You sock the centaur!
The centaur is almost dead.
The centaur barely misses you.
The centaur hits you but does no damage.
You bludgeon the centaur!!
You kill the centaur!
No reachable target in view!
No reachable target in view!
No reachable target in view!
No reachable target in view!
No reachable target in view!
No reachable target in view!
The wolf howls!
The wolf howls!
HP restored.
There is a large open translucent door, spattered with blood here.
Key pressed, stopping explore.
i - 2 scrolls of fear {!r} (gained 1) Partly explored, unvisited transporter.
There is a transporter here.
You enter the transporter and appear at another place.
There is a transporter here.
You enter the transporter and appear at another place.
The large abomination hits you!! The large abomination hits you!!
The small abomination completely misses you.
The large abomination completely misses you.
There is a transporter landing site here.
You hit the small abomination but do no damage.
The small abomination hits you!
You completely miss the small abomination. "Serve the mortal, my child!"
The small abomination hits you but does no damage.
The small abomination hits you!
Your plate armour prevents you from hitting the small abomination.
The small abomination hits you but does no damage.
You thump the small abomination!
The small abomination is heavily damaged.
The small abomination hits you but does no damage.
You bludgeon the small abomination!!
You destroy the small abomination!
Press: ? - help, v - describe, . - travel
Here: a large abomination The floor.
Evoke which item? (* to show all) (? for menu, Esc to quit)
Aiming: Polymorph
Press: ? - help, Shift-Dir - straight line, f - you
Okay, then.
Okay, then.
You bludgeon the large abomination!!
The large abomination is moderately damaged.
The large abomination hits you!
You hit the large abomination but do no damage.
The large abomination is moderately damaged.
The large abomination hits you!
You hit the large abomination but do no damage.
The large abomination is moderately damaged.
You are now a beloved toy of Xom.
The large abomination barely misses you.
You hit the large abomination.
The large abomination is heavily damaged.
The large abomination barely misses you.
You completely miss the large abomination.
The large abomination is heavily damaged.
The large abomination hits you!!
* * * LOW HITPOINT WARNING * * *
The large abomination hits your white imp!!
Your white imp dies!
The moth of wrath's fur bristles in rage as it notices you.
Okay, then.
You can't drink.
The large abomination hits you!!
You die...

#..#z#####....#....#######....##.
z##zz#...#.^.###...#...#©######^.
zzzzz#...#.....ssy.#...##.hhh.h.^
######...###########...##########
.......≈...........§.≈...........
......≈8≈..........§≈8≈§.......∩.
.....§.≈.............§...........
######...###########...##########
..Zs##...#......@..#...#...†..'..
..Z#s#...#.##..X##X#...#...'..'..
..#.Z#####).##.##..#####..##++#''
^#...#...#!..#.#...#...#..+...+..
#©...#©.©#©..#xX...#©.©#©.+...#.©
^#...#...#...#.#...#...#..+...+..
..#..#####".##.##..#####|.##++#''
...#.#...#.##...##.#...#...+..+..
....##.8.#.........#.8.#...+..+..


You could see a moth of wrath, 2 large abominations and 2 redbacks.

Vanquished Creatures
  A ghost moth (D:11)
  A red draconian (Volcano)
  A hydra (Lair:4)
  Erica (D:9)
  2 death yaks (Lair:5)
  A two-headed ogre (D:11)
  A tengu warrior (D:10)
  The ghost of Esos the Chiller, a novice DgIE (D:9)
  A salamander mystic (Volcano)
  2 ugly things
  A manticore (D:11)
  4 salamanders (Volcano)
  A cyclops (Lair:5)
  An elephant (Lair:4)
  3 molten gargoyles
  4 black mambas
  6 spiny frogs
  6 komodo dragons
  A polar bear (D:10)
  5 dream sheep
  Prince Ribbit (D:7)
  7 blink frogs
  2 hippogriffs
  A shadow (D:11)
  12 yaks
  A spriggan (shapeshifter) (D:9)
  A wyvern (Lair:2)
  A basilisk (shapeshifter) (Lair:5)
  A basilisk (Lair:4)
  Grum (D:9)
  3 vampire mosquitoes (Lair:4)
  13 water moccasins
  8 porcupines
  An orc warrior (D:11)
  3 sky beasts
  2 ice beasts
  2 phantoms
  An eye of draining (Lair:4)
  A black bear (shapeshifter) (Gauntlet)
  4 wolves (D:9)
  7 ogres
  A centaur (shapeshifter) (Gauntlet)
  2 centaurs
  8 crocodiles
  A big kobold (D:11)
  A wyvern zombie (D:10)
  14 bullfrogs
  A small abomination (Gauntlet)
  A scorpion (D:8)
  A water moccasin skeleton (D:11)
  5 killer bees
  A howler monkey (D:10)
  3 electric eels
  7 crimson imps
  A centaur zombie (D:10)
  11 hounds
  A jelly (D:11)
  A quasit (D:8)
  A centaur skeleton (D:9)
  7 orc wizards
  4 orc priests
  3 bullfrog skeletons
  An iguana (D:7)
  Natasha (D:2)
  7 worker ants
  2 hound skeletons
  A howler monkey zombie (D:9)
  A worker ant zombie (D:5)
  9 gnolls
  10 adders
  5 shadow imps
  4 oozes
  2 adder skeletons
  2 worms (D:2)
  3 dart slugs
  A dart slug (shapeshifter) (Gauntlet)
  6 leopard geckos
  24 orcs
  9 giant cockroaches
  3 hobgoblins
  10 jackals
  10 kobolds
  9 quokkas
  2 ball pythons
  7 bats
  3 frilled lizards
  10 goblins
  A leopard gecko zombie (D:5)
  11 rats
  A plant (Lair:5)
347 creatures vanquished.

Vanquished Creatures (collateral kills)
  A blink frog (Lair:2)
  A hog (Lair:3)
  A hungry ghost (D:7)
  A hound (D:4)
  A hound zombie (D:4)
  2 orcs
  A fungus (Lair:3)
8 creatures vanquished.

Vanquished Creatures (others)
  An ogre (D:9)
  5 orcs (D:8)
  A fire vortex (D:9)
  11 fungi
  3 plants
21 creatures vanquished.

Grand Total: 376 creatures vanquished

Notes
Turn   | Place    | Note
-------+----------+-------------------------------------------
     0 | D:1      | EnegeticOcto the Mummy Chaos Knight began the quest for the
                  | Orb.
     0 | D:1      | Reached XP level 1. HP: 18/18 MP: 1/1
    28 | D:1      | XOM: potion effect (brilliance)
    34 | D:1      | Reached XP level 2. HP: 9/25 MP: 2/2
   378 | D:1      | Reached skill level 4 in Fighting
   529 | D:1      | XOM: silly message
   610 | D:1      | Reached XP level 3. HP: 30/30 MP: 3/3
  1080 | D:2      | XOM: divination: detect items
  1302 | D:2      | XOM: cast spell 'Summon Butterflies'
  1369 | D:2      | Reached XP level 4. HP: 35/38 MP: 4/4
  1400 | D:2      | XOM: cloud trail
  1418 | D:2      | Found an ancient bone altar of Kikubaaqudgha.
  1504 | D:2      | Reached skill level 5 in Fighting
  1578 | D:2      | XOM is BORED!
  1578 | D:2      | XOM: mild Chrm miscast
  1662 | D:2      | XOM: polymorph jackal -> orc
  1827 | D:2      | XOM: 1-stop teleportation journey
  1891 | D:2      | Noticed Natasha
  1899 | D:2      | Killed Natasha
  2011 | D:2      | Found a faded altar of an unknown god.
  2072 | D:2      | Found a shimmering blue altar of Sif Muna.
  2083 | D:2      | XOM: mild Air miscast
  2146 | D:2      | XOM: cloud trail
  2490 | D:3      | XOM: enchant monster (good)
  2602 | D:3      | Reached XP level 5. HP: 46/46 MP: 5/5
  2646 | D:3      | XOM: enchant monster (good)
  2652 | D:3      | Reached skill level 6 in Fighting
  2759 | D:3      | XOM: scenery: create altars
  2918 | D:4      | Reached XP level 6. HP: 37/53 MP: 6/6
  3159 | D:4      | XOM: summons 6 friendly demons
  3167 | D:4      | Reached skill level 7 in Fighting
  3406 | D:4      | XOM: polymorph giant cockroach -> dart slug
  3858 | D:4      | XOM: cloud trail
  4007 | D:5      | Entered Level 5 of the Dungeon
  4086 | D:5      | Reached skill level 8 in Fighting
  4086 | D:5      | Reached skill level 1 in Maces & Flails
  4086 | D:5      | Reached XP level 7. HP: 32/62 MP: 7/7
  4090 | D:5      | XOM: summons 3 friendly demons
  4349 | D:5      | XOM: divination: detect items
  4616 | D:5      | Found a radiant altar of Vehumet.
  4618 | D:5      | Found a shattered altar of Ashenzari.
  5278 | D:6      | Reached XP level 8. HP: 57/70 MP: 8/8
  5412 | D:6      | Reached skill level 9 in Fighting
  5684 | D:6      | Found Suocwu Racki's Weapon Shop.
  5767 | D:6      | XOM is BORED!
  5899 | D:6      | XOM: god gift: sack of spiders
  6121 | D:6      | Found a staircase to the Ecumenical Temple.
  6145 | D:6      | XOM: god gift: runed short sword {god gift}
  6173 | D:6      | XOM: confuse monster(s)
  6440 | D:6      | XOM: scenery: create altars
  6666 | D:7      | XOM: confuse monster(s)
  6765 | D:7      | XOM: summons friendly iron imp
  6769 | D:7      | XOM: harmless Ice miscast
  6852 | D:7      | Found a glowing silver altar of Zin.
  6953 | D:7      | XOM: harmless Tmut miscast
  7009 | D:7      | XOM: silly message
  7184 | D:7      | Reached skill level 10 in Fighting
  7184 | D:7      | Reached skill level 5 in Maces & Flails
  7349 | D:7      | XOM: harmless Erth miscast
  7429 | D:7      | Found Yfudetya's Distillery.
  7507 | D:7      | Found an ornate altar of the Wu Jian Council.
  7596 | D:8      | Found Ohacuib's Distillery.
  7677 | D:8      | XOM: god gift: short glowing staff {god gift}
  7689 | D:8      | XOM: god gift: short sword {god gift}
  7728 | D:8      | Reached XP level 9. HP: 45/78 MP: 9/9
  7765 | D:8      | XOM: 3-stop teleportation journey
  7766 | D:8      | Noticed a white ugly thing
  8042 | D:8      | XOM: polymorph white ugly thing -> brown ugly thing
  8085 | D:8      | Found Ossewn's Weapon Shop.
  8085 | D:8      | Noticed Prince Ribbit
  8089 | D:8      | XOM: destruction
  8126 | D:7      | Killed Prince Ribbit
  8363 | D:7      | XOM: summons 2 friendly demons
  8705 | D:8      | XOM: confuse monster(s)
  8722 | D:8      | XOM: polymorph brown ugly thing -> green ugly thing
  8729 | D:7      | XOM: summons friendly white imp
  9176 | D:8      | Killed a green ugly thing
  9326 | D:8      | XOM: god gift: 4 boomerangs
  9331 | D:8      | Found Aheakeidag's Assorted Antiques.
  9333 | D:8      | Found Mynociw's General Store.
  9345 | D:8      | Bought a scroll labeled ZIKHLU AJEUPYRPH for 30 gold pieces
  9345 | D:8      | Bought a scroll labeled QUDGHU BANNEA for 30 gold pieces
  9345 | D:8      | Bought an encrusted scale mail for 270 gold pieces
  9355 | D:8      | Identified the cursed +0 scale mail "Cammuwot" {MR+ Str-4
                  | Stlth+} (You bought it in a shop on level 8 of the Dungeon)
  9439 | D:8      | XOM: medium Tmut miscast
  9608 | D:8      | Found an opulent altar of Gozag.
  9766 | D:8      | Found a sacrificial altar of Ru.
  9872 | D:8      | Found Neufam's Antique Armour Boutique.
  9933 | D:8      | XOM: summons 1 hostile shadow creature
  9993 | D:9      | Noticed Erolcha
  9999 | D:9      | Banished Erolcha
  9999 | D:9      | Reached skill level 11 in Fighting
 10001 | D:9      | XOM: 2-stop teleportation journey
 10114 | D:9      | XOM: mild Chrm miscast
 10439 | D:9      | Noticed Grum
 10449 | D:9      | XOM: confuse monster(s)
 10452 | D:9      | Killed Grum
 10454 | D:9      | XOM: mild Fire miscast
 10459 | D:9      | Reached XP level 10. HP: 9/88 MP: 10/10
 10855 | D:9      | Found a large runed translucent door.
 10855 | D:9      | Found a large runed translucent door.
 10859 | D:9      | Noticed Esos's ghost (novice DgIE)
 10988 | D:9      | XOM: god gift: 55 gold pieces
 11045 | D:9      | Found a burning altar of Makhleb.
 11269 | D:9      | Noticed Maurice
 11278 | D:9      | Maurice changed into Maurice the shapeshifter
 11278 | D:9      | Noticed Maurice
 11278 | D:9      | Maurice the shapeshifter changed into Maurice the fire crab
 11280 | D:9      | Maurice the fire crab changed into Maurice the shapeshifter
 11335 | D:9      | XOM: god gift: scroll of torment
 11517 | D:9      | XOM: cleaving
 11519 | D:9      | Killed Esos's ghost
 11519 | D:9      | Reached skill level 12 in Fighting
 11524 | D:9      | XOM: god gift: ration
 11565 | D:9      | XOM: god gift: potion of heal wounds
 11837 | D:9      | Identified a scroll of acquirement
 11858 | D:10     | XOM: noise
 11858 | D:10     | Entered Level 10 of the Dungeon
 11861 | D:10     | Noticed Erica
 11884 | D:9      | XOM: enchant monster (good)
 11887 | D:9      | Killed Erica
 12120 | D:10     | XOM: scenery: create altars
 12122 | D:10     | XOM: enchant monster (good)
 12441 | D:10     | XOM: polymorph yak -> polar bear
 12506 | D:10     | XOM: god gift: flickering silver amulet {god gift}
 12507 | D:10     | Got a flickering silver amulet {god gift}
 12509 | D:10     | Identified the amulet "Xagges" {Acrobat rElec MR++} (Xom
                  | gifted it to you on level 10 of the Dungeon)
 12579 | D:10     | Found a staircase to the Lair.
 12596 | D:10     | XOM: divination: detect creatures
 12598 | D:10     | XOM: divination: magic mapping
 12607 | D:10     | XOM: cast spell 'Call Canine Familiar'
 12624 | D:10     | XOM: divination: detect items
 12637 | D:10     | XOM: chaos cloud
 13098 | D:10     | Noticed a tengu warrior
 13104 | D:10     | XOM: confusion
 13108 | D:10     | XOM: confuse monster(s)
 13113 | D:10     | Killed a tengu warrior
 13113 | D:10     | Reached skill level 13 in Fighting
 13113 | D:10     | Reached XP level 11. HP: 54/98 MP: 11/11
 13453 | D:10     | XOM: noise
 13470 | D:10     | Learned a level 2 spell: Blink
 13548 | D:11     | XOM: summons 5 hostile demons
 13823 | D:11     | Noticed a two-headed ogre
 13833 | D:11     | Killed a two-headed ogre
 13954 | D:11     | Noticed a five-headed hydra
 13964 | D:11     | XOM: 7-stop teleportation journey
 14003 | D:10     | XOM: medium Chrm miscast
 14235 | D:10     | XOM: god gift: 2 grey potions {god gift}
 14297 | D:11     | a five-headed hydra changed into something unseen
 14297 | D:11     | XOM: polymorph five-headed hydra -> something unseen
 14396 | Lair:1   | Entered Level 1 of the Lair of Beasts
 14586 | Lair:1   | Reached skill level 1 in Dodging
 14587 | Lair:1   | XOM: fog
 15205 | Lair:1   | XOM: mild Tmut miscast
 15721 | Lair:2   | XOM: potion effect (curing)
 15729 | Lair:1   | XOM: divination: detect creatures
 15848 | Lair:1   | XOM: harmless Conj miscast
 16092 | Lair:2   | XOM: fog
 16097 | Lair:2   | XOM: 5-stop teleportation journey
 16268 | Lair:2   | XOM: summons friendly quasit
 16322 | Lair:2   | XOM: divination: detect items
 16578 | Lair:2   | Reached skill level 10 in Maces & Flails
 16717 | Lair:2   | XOM: swap monsters
 17038 | Lair:2   | Found a staircase to the Snake Pit.
 17597 | Lair:3   | XOM: divination: magic mapping
 17692 | Lair:3   | XOM: 2-stop teleportation journey
 17695 | Lair:3   | XOM: snakes to sticks
 17766 | Lair:3   | XOM: blink monster(s)
 17771 | Lair:3   | XOM: scenery: create altars
 18110 | Lair:3   | XOM: god gift: 24 gold pieces
 18174 | Lair:3   | Noticed Sonja
 18182 | Lair:3   | XOM: summons 8 friendly demons
 18190 | Lair:3   | Noticed Sonja
 18190 | Lair:3   | Sonja changed into Sonja the hog
 18194 | Lair:3   | Killed Sonja the hog
 18346 | Lair:3   | XOM: enchant monster (good)
 18456 | Lair:3   | Reached XP level 12. HP: 92/105 MP: 12/12
 18625 | Lair:3   | XOM: god gift: 5 stones
 18733 | Lair:3   | XOM: cloud trail
 18779 | Lair:3   | XOM: god gift: 32 gold pieces
 18847 | Lair:4   | XOM: silly message
 18943 | Lair:4   | Found a dark tunnel.
 18949 | Volcano  | Entered a volcano
 18964 | Volcano  | XOM: polymorph rime drake -> sky beast
 18999 | Volcano  | XOM: 2-stop teleportation journey
 19257 | Volcano  | Noticed a red draconian
 19266 | Volcano  | Killed a red draconian
 19266 | Volcano  | Reached skill level 5 in Armour
 19285 | Volcano  | XOM: enchant monster (good)
 19307 | Volcano  | Reached skill level 5 in Dodging
 19309 | Volcano  | XOM: summons friendly quasit
 19315 | Volcano  | HP: 5/105 [salamander (12)]
 19690 | Volcano  | Found a burning altar of Makhleb.
 19859 | Volcano  | Got an iridescent hunting sling
 19862 | Volcano  | Identified the cursed +1 hunting sling "Usuh" {freeze,
                  | *Contam +Blink rC- Stlth+} (You found it in a volcano)
 19969 | Lair:4   | XOM: divination: magic mapping
 20379 | Lair:4   | Noticed a seven-headed hydra
 20781 | Lair:4   | XOM: summons friendly white imp
 20783 | Lair:4   | Found a staircase to the Swamp.
 20794 | Lair:4   | XOM: summons friendly shadow imp
 20795 | Lair:4   | XOM: harmless Summ miscast
 20800 | Lair:4   | XOM: polymorph blink frog -> eye of draining
 20801 | Lair:4   | XOM: noise
 20818 | Lair:4   | XOM: swap monsters
 21056 | Lair:4   | XOM: severe Summ miscast
 21194 | Lair:4   | XOM: cleaving
 21330 | Lair:4   | You fall into a shaft and drop 2 floors!
 21330 | Lair:6   | Entered Level 6 of the Lair of Beasts
 21332 | Lair:6   | XOM: fog
 21406 | Lair:6   | XOM: noise
 21571 | Lair:5   | XOM: 1-stop teleportation journey
 21596 | Lair:5   | Noticed a five-headed hydra
 21602 | Lair:5   | Noticed a death yak
 21602 | Lair:5   | a five-headed hydra changed into a death yak
 21602 | Lair:5   | XOM: polymorph five-headed hydra -> death yak
 21612 | Lair:5   | Killed a death yak
 21659 | Lair:5   | XOM: mild Hex miscast
 21965 | Lair:5   | XOM: swap monsters
 21965 | Lair:5   | Noticed a death yak
 21967 | Lair:5   | Noticed a death yak
 21971 | Lair:5   | Noticed a death yak
 21972 | Lair:5   | Noticed a death yak
 21972 | Lair:5   | Noticed a death yak
 21973 | Lair:5   | XOM: fog
 21988 | Lair:5   | XOM: blink monster(s)
 21994 | Lair:5   | XOM: cleaving
 21997 | Lair:5   | Killed a death yak
 22005 | Lair:5   | XOM: scenery: create altars
 22021 | Lair:5   | Noticed a seven-headed hydra
 22028 | Lair:5   | XOM: polymorph hippogriff -> cyclops
 22029 | Lair:5   | XOM: noise
 22051 | Lair:5   | Noticed a fire dragon
 22051 | Lair:5   | a seven-headed hydra changed into a fire dragon
 22051 | Lair:5   | XOM: polymorph seven-headed hydra -> fire dragon
 22060 | Lair:5   | a fire dragon changed into a shapeshifter
 22060 | Lair:5   | XOM: polymorph fire dragon -> shapeshifter
 22231 | Lair:4   | XOM: harmless Erth miscast
 22399 | Lair:4   | XOM: summons 6 hostile demons
 22504 | Lair:4   | XOM: smoke on damage
 22509 | Lair:4   | XOM: harmless Tmut miscast
 22565 | Lair:5   | XOM: 1-stop teleportation journey
 22580 | Lair:5   | XOM: harmless Erth miscast
 22591 | Lair:5   | XOM: 1-stop teleportation journey
 22593 | Lair:5   | XOM: summons 1 hostile shadow creature
 22606 | Lair:5   | XOM: divination: detect items
 22640 | Lair:4   | XOM: confuse monster(s)
 22893 | Lair:5   | XOM: silly message
 22960 | Lair:5   | XOM: potion effect (brilliance)
 23079 | Lair:4   | Killed a seven-headed hydra
 23079 | Lair:4   | Gained mutation: You are in touch with the powers of death.
                  | [Mummy growth]
 23079 | Lair:4   | Reached XP level 13. HP: 82/111 MP: 13/13
 23237 | D:11     | XOM: mild Tloc miscast
 23585 | D:11     | XOM: god gift: 3 boomerangs of dispersal
 23813 | D:11     | Killed a ghost moth
 24230 | D:11     | XOM: divination: detect creatures
 24234 | D:11     | XOM: harmless Summ miscast
 24618 | D:11     | XOM: cloud trail
 24738 | D:12     | XOM: confuse monster(s)
 24783 | D:12     | Found a gate leading to a gauntlet.
 24802 | Gauntlet | Entered a Gauntlet
 24802 | Gauntlet | Found a large runed translucent door.
 24802 | Gauntlet | Found a large runed translucent door.
 24802 | Gauntlet | Found a large runed translucent door.
 24802 | Gauntlet | Found a large runed translucent door.
 24802 | Gauntlet | Found a transporter.
 24802 | Gauntlet | Found a large runed translucent door.
 24802 | Gauntlet | Found a large runed translucent door.
 24802 | Gauntlet | Found a large runed translucent door.
 24802 | Gauntlet | Found a large runed translucent door.
 24802 | Gauntlet | Found a runed translucent door.
 24802 | Gauntlet | Found a runed translucent gate.
 24802 | Gauntlet | Found a transporter.
 24802 | Gauntlet | Found a transporter.
 24802 | Gauntlet | Found a runed translucent gate.
 24802 | Gauntlet | Found a transporter.
 24806 | Gauntlet | Found a transporter.
 24807 | Gauntlet | Found a runed translucent gate.
 24807 | Gauntlet | Found a runed translucent door.
 24811 | Gauntlet | Found a large runed translucent door.
 24811 | Gauntlet | Found a large runed translucent door.
 24820 | Gauntlet | Found a transporter.
 24822 | Gauntlet | Found a transporter.
 24830 | Gauntlet | Found a transporter.
 24831 | Gauntlet | Found the amulet of Vitality {Regen+ HP+15}
 24876 | Gauntlet | Found a large runed translucent door.
 24876 | Gauntlet | Found a large runed translucent door.
 24879 | Gauntlet | Found a large runed translucent door.
 24879 | Gauntlet | Found a large runed translucent door.
 24880 | Gauntlet | Found a large runed translucent door.
 24881 | Gauntlet | Found a large runed translucent door.
 24921 | Gauntlet | Found a transporter.
 24931 | Gauntlet | Found a transporter.
 24935 | Gauntlet | Found a transporter.
 24945 | Gauntlet | Found a transporter.
 25163 | Gauntlet | XOM: summons friendly white imp
 25176 | Gauntlet | Slain by a large abomination

Levels and vault maps discovered:
D:1:      minmay_arrival_plants_in_alcoves, layout_basic
D:2:      layout_loops_cross, nicolae_overflow_hidden_temple,
          lemuel_blue_sif_altar, chequers_ecumenical_altar_grove, uniq_natasha
D:3:      layout_loops_ring, cheibrodos_gnoll_hut
D:4:      layout_cave_pools
D:5:      layout_basic, chequers_temple_overflow_statue_of_worship, first_ration
D:6:      layout_layer_cave, minmay_temple_entry_fiery, serial_shops, shop
D:7:      layout_loops_ring, kennysheep_little_box, lemuel_crystal_altar,
          serial_shops, nicolae_shop_behind_doors, kennysheep_decorative_pillar,
          st_stairs_14
D:8:      layout_cave_pools, nicolae_ru_sacrificial_ziggurat,
          overflow_temple_1_default, serial_shops, shop, shop, shop,
          nicolae_shop_trees, shop, uniq_prince_ribbit1
D:9:      layout_loops_ring, makhleb_grotto_becter, ebering_ghost_disaster_area,
          uniq_erolcha, uniq_maurice, uniq_grum
D:10:     layout_long_grid, lair_entry_dummy, grunt_tengu_nest, uniq_erica
D:11:     layout_basic, evilmike_butchery
D:12:     hourglass_vault, layout_basic, zombieorc2_lemuel,
          gauntlet_entry_generic, uniq_fannar, uniq_nergalle, uniq_azrael
Lair:1:   layout_hall_layers, grunt_megastairs_1
Lair:2:   layout_gridlike, dummy_snake_entry, lemuel_fruit_fields
Lair:3:   layout_gridlike, uniq_sonja
Lair:4:   layout_regular_city, minmay_swamp_entry_swarm,
          nicolae_volcano_entry_s_turn, hibernation_bobbens
Lair:5:   layout_regular_city
Lair:6:   minmay_lair_end_enchanted_forest, layout_regular_city, slime_altar_1,
          kilobyte_rumbling_trees
Gauntlet: gammafunk_gauntlet_hard_choice [gammafunk_gauntlet_arena_spirals,
          minmay_gauntlet_arena_make_your_own_arena,
          nicolae_gauntlet_arena_t_cross, gammafunk_gauntlet_arena_split_x,
          nicolae_gauntlet_arena_quarters, nicolae_gauntlet_arena_x,
          gauntlet_exit_green]

Skill      XL: |  1  2  3  4  5  6  7  8  9 10 11 12 |
---------------+-------------------------------------+-----
Fighting       | 4 5 6 8 10 11 13 | 13.3
Maces & Flails | 1 3 5 7 9 10 11 | 11.9
Dodging        | 4 6 |  6.0
Armour         | 4 7 |  7.8
Short Blades   | |  2.4

Action                   |  1- 3 |  4- 6 |  7- 9 | 10-12 | 13-15 || total
-------------------------+-------+-------+-------+-------+-------++-------
Melee: Short sword       |   107 |     2 |   157 |   106 |       ||   372
       Dagger            |       |   203 |   371 |       |       ||   574
       Great mace        |       |       |       |   730 |   147 ||   877
Throw: Throwing net      |       |       |       |     1 |       ||     1
       Dart              |       |       |       |    16 |       ||    16
Evoke: Wand              |       |       |     7 |    44 |     2 ||    53
       Sack of spiders   |       |       |     2 |       |       ||     2
  Use: Scroll            |       |     7 |    10 |    10 |     4 ||    31
 Stab: Sleeping          |     1 |     1 |       |       |       ||     2
       Paralysed         |       |       |     4 |    21 |       ||    25
       Confused          |       |       |     4 |       |       ||     4
Armor: Leather armour    |    52 |    49 |    29 |       |       ||   130
       Chain mail        |       |       |   263 |   211 |       ||   474
       Plate armour      |       |       |       |   581 |   212 ||   793
Dodge: Dodged            |    78 |   109 |   191 |   440 |    48 ||   866
